 Dungeon Crawl Stone Soup version 0.16.0-17-g811c1d7 (webtiles) character file.

94185 maniek23 the Unseen (level 15, -7/103 HPs)
             Began as a Vampire Enchanter on Mar 20, 2015.
             Was the Champion of Kikubaaqudgha.
             Mangled by a scimitar of holy wrath (9 damage)
             ... on level 2 of the Elven Halls.
             The game lasted 05:02:20 (31527 turns).

maniek23 the Unseen (Vampire Enchanter)            Turns: 31527, Time: 05:02:44

Health: -7/103     AC:  0    Str:  4    XL:     15   Next: 62%
Magic:  28/34      EV: 32    Int: 17    God:    Kikubaaqudgha [******]
Gold:   2245       SH:  0    Dex: 22    Spells: 12 memorised, 2 levels left

rFire  . . .     SeeInvis +     G - melded +7 short sword (vamp)
rCold  + + .     Clarity  .     o - melded +5 ring mail {rPois}
rNeg   + + +     SustAb   .     (shield currently unavailable)
rPois  +         Gourm    .     H - melded +2 hat {MR+}
rElec  .         Spirit   .     i - melded +2 cloak
rCorr  .         Warding  +     (gloves currently unavailable)
rMut   .         Stasis   .     I - melded +0 pair of boots "Gifatus" {rElec rF+ Slay+6}
MR     +....                    b - amulet of warding
Stlth  +++++++++.               u - melded +4 ring of dexterity
                                V - melded +5 ring of intelligence

@: bat-form, flying, regenerating slowly, very quick, somewhat resistant to
hostile enchantments, incredibly stealthy
A: bottle blood, (fangs 0), see invisible, (unbreathing)
a: End Transformation, Receive Corpses, Torment, Renounce Religion


You were on level 2 of the Elven Halls.
You worshipped Kikubaaqudgha.
Kikubaaqudgha was exalted by your worship.
You were near bloodless.
You were in vampire-bat-form.
You visited 5 branches of the dungeon, and saw 28 of its levels.
You also visited: Labyrinth and Ice Cave.

You collected 2831 gold pieces.
You spent 586 gold pieces at shops.

Inventory:

Hand weapons
 q - the +7 rapier "Impbane" {flame, rF+ rC- rN+ MR+ SInv}
   (You found it on level 3 of the Lair of Beasts)

   It has been specially enchanted to burn those struck by it, causing extra
   injury to most foes and up to half again as much damage against particularly
   susceptible opponents.
   It protects you from fire.
   It makes you vulnerable to cold.
   It protects you from negative energy.
   It affects your resistance to hostile enchantments.
   It enhances your eyesight.
 G - a +7 vampiric short sword (melded)
Missiles
 f - 6 tomahawks of dispersal (quivered)
Armour
 g - a +2 robe of fire resistance
 i - a +2 cloak (melded)
 o - a +5 ring mail of poison resistance (melded)
 H - a +2 hat of magic resistance (melded)
 I - the +0 pair of boots "Gifatus" (melded) {rElec rF+ Slay+6}
   (You found it on level 8 of the Lair of Beasts)

   It affects your accuracy and damage with ranged weapons and melee attacks
   (+6).
   It protects you from fire.
   It insulates you from electricity.
Jewellery
 b - an amulet of warding (around neck)
 u - a +4 ring of dexterity (melded)
 v - the ring of Fedgheun {+Fly rN+++}
   (You found it on level 2 of the Elven Halls)

   [ring of flight]

   It renders you almost immune to negative energy.
   It lets you fly.
 A - a +2 ring of protection
 K - an uncursed amulet of stasis
 O - an uncursed amulet of resist corrosion
 V - a +5 ring of intelligence (melded)
Magical devices
 d - a wand of disintegration (16)
 r - a wand of polymorph (11)
 w - a wand of draining (4)
 y - a wand of frost (23)
 C - a wand of draining (1)
 F - a wand of teleportation (9)
 Q - a wand of paralysis (12)
Scrolls
 h - 10 scrolls of remove curse
 j - 6 scrolls of magic mapping
 m - a scroll of recharging
 n - 8 scrolls of teleportation
 s - 5 scrolls of fear
 t - 2 scrolls of fog
 x - a scroll of torment {unknown}
 J - 4 scrolls of blinking
 R - a scroll of identify
 S - 3 scrolls of amnesia
Potions
 e - 5 potions of heal wounds
 k - 3 potions of magic
 l - a potion of invisibility
 z - a potion of berserk rage
 B - a potion of flight {unknown}
 D - 4 potions of might
 E - 3 potions of haste {unknown}
 L - 2 potions of brilliance
 M - 4 potions of resistance
 N - 4 potions of curing
 P - 3 potions of restore abilities
 T - a potion of beneficial mutation {unknown}
 W - a potion of cancellation {unknown}
 Y - 3 potions of agility
Books
 a - a book of Necromancy

   Spells                             Type                      Level
   a - Pain                           Necromancy                   1
   b - Animate Skeleton               Necromancy                   1
   c - Vampiric Draining              Necromancy                   3
   d - Regeneration                   Charms/Necromancy            3
   e - Animate Dead                   Necromancy                   4
   f - Control Undead                 Necromancy                   4
 c - a Necronomicon

   Spells                             Type                      Level
   a - Haunt                          Necromancy/Summoning         7
   b - Borgnjor's Revivification      Necromancy                   8
   c - Death's Door                   Charms/Necromancy            8
   d - Necromutation                  Transmutation/Necromancy     8
 p - a book of Conjurations

   Spells                             Type                      Level
   a - Magic Dart                     Conjuration                  1
   b - Searing Ray                    Conjuration                  2
   c - Dazzling Spray                 Conjuration/Hexes            3
   d - Fulminant Prism                Conjuration/Hexes            4
   e - Iskenderun's Mystic Blast      Conjuration                  4
   f - Iskenderun's Battlesphere      Conjuration/Charms           5


   Skills:
 + Level 5.5 Fighting
 + Level 8.0 Short Blades
 + Level 5.3 Armour
 + Level 10.3 Dodging
 + Level 18.7 Stealth
 + Level 11.9 Spellcasting
 + Level 1.0 Conjurations
 + Level 14.9 Hexes
 + Level 0.9 Charms
 * Level 12.1 Necromancy
 + Level 6.0 Ice Magic
 + Level 1.1 Evocations


You had 2 spell levels left.
You knew the following spells:

 Your Spells              Type           Power        Failure   Level  Hunger
a - Corona                Hex            ######.      1%          1    None
b - Ensorcelled Hibernat  Hex/Ice        #####.       2%          2    None
c - Confuse               Hex            ######..     1%          3    None
d - Dazzling Spray        Conj/Hex       #####...     4%          3    None
e - Enslavement           Hex            ######..     2%          4    ##.....
f - Sure Blade            Hex/Chrm       #####.....   3%          2    None
g - Agony                 Necr           ######..     6%          5    ####...
h - Tukima's Dance        Hex            ######..     1%          3    None
j - Animate Dead          Necr           N/A          3%          4    ##.....
k - Slow                  Hex            ######..     1%          2    None
l - Blink                 Tloc           N/A          32%         2    None
m - Cause Fear            Hex            ######....   2%          4    ##.....


Dungeon Overview and Level Annotations

Branches:
Dungeon (13/15)            Temple (1/1) D:7            Lair (8/8) D:8
 Shoals (0/5) Lair:6        Snake (0/5) Lair:3        Slime (0/6) Lair:8
    Orc (4/4) D:11            Elf (2/3) Orc:4        Vaults (0/5) D:13

Altars:
Ashenzari
Cheibriados
Dithmenos
Elyvilon
Fedhas
Gozag
Kikubaaqudgha
Makhleb
Nemelex Xobeh
Okawaru
Qazlal
Ru
Sif Muna
Trog
Vehumet
Xom
Yredelemnul
Zin
The Shining One
Beogh

Shops:
D:11 (   Orc:4 =[[(   Elf:1 *

Portals:
Trove: Elf:1 (lose all piety)


Innate Abilities, Weirdness & Mutations

You heal slowly.
You can bottle blood from corpses.
((You have razor-sharp teeth.))
You have supernaturally acute eyesight.
((You can survive without breathing.))


Message History

Your +2 cloak melds into your body.
Your +2 hat of magic resistance melds into your body.
The +0 pair of boots "Gifatus" {rElec rF+ Slay+6} melds into your body.
Your +5 ring mail of poison resistance melds into your body.
Your +5 ring of intelligence melds into your body.
Your +4 ring of dexterity melds into your body.
You feel your glee subside.
You feel less resistant to hostile enchantments.
You feel stupid.
You feel clumsy.
The deep elf fighter shoots an arrow.
The arrow hits your elf zombie!
Your elf zombie is destroyed!
The scimitar of holy wrath completely misses you.
Your elf zombie hits the scimitar of holy wrath with a scimitar.
Your elf zombie misses the scimitar of holy wrath.
The deep elf fighter casts a spell at you.
The puff of flame misses you. The scimitar of holy wrath hits you!!
* * * LOW HITPOINT WARNING * * *
You convulse!
You die...
Kikubaaqudgha rasps: "You have failed me!
Welcome... oblivion!"

.## .... ..# #. ..... ..#
##.. ...... ..# ##...
....... ..# #...##
##....... ..#
#...###........ .##
#...#)..(e..... ######
##..ZZ(((....... .#...##
##....Z.b........
#.....###................
..)....##...............
......)##...............
.......##'..............
..)...#'.'#......e.....
8....#.'.##...........
......#'.+#..........
.......##+........


You could see a deep elf priest (sleeping), a deep elf fighter, a scimitar of
holy wrath, a friendly elf zombie and 2 friendly elf zombies.

Vanquished Creatures
  A deep elf blademaster (Elf:2)
  Frances (Elf:1)
  A deep elf sorcerer (Elf:1)
  Gastronok (D:13)
  An orc warlord (Orc:4)
  A deep elf annihilator (Elf:1)
  4 dire elephants (Lair:8)
  A minotaur (Lab)
  An ettin (Orc:3)
  A vault guard (D:13)
  9 hydras
  Fannar (Lair:8)
  2 dancing weapons (Elf:2)
  An anaconda (Lair:8)
  8 death yaks
  An orc high priest (Orc:4)
  Nergalle (D:10)
  5 deep elf knights
  A fire crab (Lair:8)
  2 unseen horrors
  5 deep elf summoners
  2 deep elf conjurers
  3 orc knights
  Pikel (D:7)
  3 hill giants
  An ugly thing (D:12)
  2 cyclopes
  5 orc sorcerers
  2 wizards (Elf:1)
  A manticore (D:11)
  2 griffons
  A centaur zombie (D:13)
  6 black mambas
  19 elephants
  Joseph (D:8)
  8 komodo dragons
  3 fire drakes
  A kobold demonologist (D:11)
  A troll (Orc:4)
  4 deep elf priests
  11 spiny frogs
  A wind drake (shapeshifter) (D:13)
  2 two-headed ogres
  3 blue devils (IceCv)
  17 blink frogs
  A raven (shapeshifter) (Elf:1)
  16 deep elf magi
  2 shadows
  A wraith (D:10)
  16 yaks
  A human (D:7)
  3 hippogriffs
  Grum (D:8)
  2 hungry ghosts
  13 deep elf fighters
  2 mottled dragons
  11 wolves
  3 wargs
  A steam dragon (D:10)
  Menkaure (D:7)
  A chaos spawn (Orc:4)
  A naga (Lair:3)
  A wyvern (D:8)
  13 water moccasins
  6 ice beasts
  30 orc warriors
  A phantom (D:9)
  11 porcupines
  3 sky beasts
  3 black bears
  An eye of draining (D:11)
  4 centaurs
  3 necrophages
  7 ogres
  A boggart (Elf:1)
  10 crocodiles
  2 big kobolds (D:11)
  Sigmund (D:2)
  Duvessa (D:6)
  A gnoll sergeant (D:9)
  Blork the orc (D:7)
  10 giant frogs
  A goliath beetle (D:9)
  2 wyvern skeletons
  2 scorpions
  A water moccasin skeleton (D:7)
  8 killer bees
  3 electric eels
  A troll skeleton (Lab)
  6 wights
  4 crimson imps
  A spriggan skeleton (Lab)
  Dowan (D:6)
  3 giant frog zombies
  2 jellies
  A quasit (D:13)
  12 hounds
  27 orc wizards
  A wasp zombie (D:9)
  3 centaur skeletons
  9 iguanas
  17 orc priests
  Natasha (twice) (D:5)
  7 worker ants
  17 sheep
  Ijyb (D:2)
  2 hound zombies
  19 adders
  A gnoll (D:9)
  A worker ant zombie (D:5)
  67 river rats
  4 giant mites
  9 white imps (Lair:4)
  4 shadow imps
  An adder skeleton (D:4)
  5 giant geckos
  3 oozes (Lair:8)
  152 orcs
  3 ball pythons
  11 bats
  4 bat zombies (D:3)
  3 giant cockroaches
  27 goblins
  16 hobgoblins
  5 jackals
  14 kobolds
  10 quokkas
  2 giant gecko skeletons
  6 giant newts
  2 giant spores (D:11)
  A goblin zombie (Orc:4)
  A jackal skeleton (D:6)
  8 orc zombies
  2 quokka skeletons
  7 rats
  2 rat zombies (D:3)
  10 ballistomycetes (D:11)
  3 plants (Lair:8)
872 creatures vanquished.

Vanquished Creatures (collateral kills)
  4 death yaks
  2 orc knights (Orc:1)
  A hill giant (D:12)
  A manticore (D:11)
  10 elephants (Lair:8)
  A black mamba (Lair:3)
  3 spiny frogs
  2 komodo dragons (Lair:6)
  A kobold demonologist (D:11)
  A red devil (D:11)
  5 blink frogs
  4 deep elf magi
  4 yaks
  A hippogriff (Lair:2)
  2 water moccasins
  2 porcupines
  A black bear (D:12)
  2 nagas (Lair:3)
  4 orc warriors
  2 ogres
  4 crocodiles
  A big kobold (D:11)
  A giant frog (Lair:3)
  A wyvern skeleton (D:11)
  2 jellies (Lair:8)
  A hound (Lair:3)
  6 orc wizards
  2 orc priests
  4 sheep
  An adder (Lair:8)
  3 gnolls (D:9)
  48 river rats
  3 white imps (Lair:4)
  24 orcs
  A quokka (Lair:2)
  A goblin zombie (Orc:4)
  2 orc zombies (Orc:4)
  3 ballistomycetes (D:11)
  A fungus (Lair:8)
  2 plants
164 creatures vanquished.

Vanquished Creatures (others)
  A deep elf knight (Elf:1)
  2 elephants (Lair:8)
  An elephant slug zombie (D:13)
  2 hydra zombies
  A shadow (D:13)
  A wolf (D:8)
  2 spiny frog zombies
  A slave (D:9)
  2 orc warriors
  2 blink frog zombies (Lair:5)
  An ogre (Orc:3)
  6 elephant zombies (Lair:8)
  3 elephant skeletons (Lair:8)
  A fire crab zombie (Lair:8)
  A komodo dragon zombie (Lair:8)
  2 giant frogs
  A scorpion (D:7)
  5 yak zombies (Lair:5)
  2 hippogriff zombies
  A wolf zombie (Lair:7)
  A giant frog zombie (Lair:1)
  5 elf zombies
  A porcupine zombie (Lair:2)
  An orc wizard (D:7)
  A crocodile zombie (Lair:8)
  An ogre skeleton (Lab)
  An adder (D:7)
  A worker ant zombie (D:13)
  An electric eel zombie (Lair:1)
  3 orcs
  A goblin (Orc:1)
  A hobgoblin (D:7)
  4 river rat zombies
  A giant spore (D:11)
  2 goblin zombies (Orc:4)
  A hobgoblin skeleton (D:11)
  A hobgoblin zombie (Orc:3)
  A kobold skeleton (D:11)
  37 orc zombies
  2 quokka zombies
  5 plants
110 creatures vanquished.

Grand Total: 1146 creatures vanquished

Notes
Turn   | Place    | Note
--------------------------------------------------------------
     0 | D:1      | maniek23, the Vampire Enchanter, began the quest for the Orb.
     0 | D:1      | Reached XP level 1. HP: 13/13 MP: 3/3
   157 | D:1      | Reached XP level 2. HP: 19/19 MP: 4/4
   196 | D:1      | Learned a level 2 spell: Ensorcelled Hibernation
   209 | D:1      | Reached skill level 5 in Stealth
   825 | D:2      | Reached XP level 3. HP: 24/24 MP: 6/6
   870 | D:2      | Noticed Sigmund
   880 | D:2      | Noticed Ijyb
   884 | D:2      | Killed Sigmund
   884 | D:2      | Reached skill level 6 in Stealth
   884 | D:2      | Reached XP level 4. HP: 30/30 MP: 5/8
   887 | D:2      | Killed Ijyb
   887 | D:2      | Reached skill level 5 in Hexes
  1178 | D:2      | Reached XP level 5. HP: 26/35 MP: 2/10
  1714 | D:3      | Found an ancient bone altar of Kikubaaqudgha.
  1732 | D:3      | Noticed an ice beast
  1759 | D:3      | Killed an ice beast
  1759 | D:3      | Reached skill level 1 in Ice Magic
  2405 | D:4      | Reached skill level 7 in Stealth
  2405 | D:4      | Reached XP level 6. HP: 10/42 MP: 9/12
  2839 | D:3      | Learned a level 3 spell: Confuse
  2846 | D:4      | Reached skill level 1 in Armour
  2913 | D:4      | Found a glowing golden altar of the Shining One.
  2941 | D:4      | Found a shadowy altar of Dithmenos.
  2952 | D:4      | Noticed an ogre
  2958 | D:4      | Killed an ogre
  3305 | D:4      | Reached XP level 7. HP: 47/47 MP: 0/15
  3668 | D:4      | Reached skill level 8 in Stealth
  4045 | D:5      | Entered Level 5 of the Dungeon
  4053 | D:5      | Reached skill level 1 in Fighting
  4313 | D:5      | Reached skill level 9 in Stealth
  4666 | D:5      | Found a blossoming altar of Fedhas.
  4666 | D:5      | Found an iron altar of Okawaru.
  4714 | D:5      | Reached XP level 8. HP: 54/54 MP: 14/17
  4839 | D:5      | Noticed Natasha
  4843 | D:5      | Killed Natasha
  5691 | D:6      | Noticed Duvessa
  5693 | D:6      | Noticed Dowan
  5723 | D:6      | Killed Dowan
  5772 | D:5      | Noticed Natasha
  6364 | D:5      | Killed Natasha
  6464 | D:6      | Reached skill level 10 in Stealth
  7133 | D:6      | Killed Duvessa
  7804 | D:3      | Became a worshipper of Kikubaaqudgha
  7990 | D:7      | Noticed Blork the orc
  7995 | D:7      | Killed Blork the orc
  7995 | D:7      | Reached XP level 9. HP: 61/61 MP: 20/20
  8045 | D:7      | Noticed Pikel
  8069 | D:7      | Killed Pikel
  8069 | D:7      | Reached skill level 5 in Dodging
  8069 | D:7      | Reached skill level 11 in Stealth
  8069 | D:7      | Reached skill level 5 in Spellcasting
  8215 | D:7      | Noticed Menkaure
  8223 | D:7      | Killed Menkaure
  8238 | D:7      | Found a staircase to the Ecumenical Temple.
  8258 | Temple   | Entered the Ecumenical Temple
  8414 | D:7      | Learned a level 3 spell: Dazzling Spray
  8419 | D:7      | Learned a level 4 spell: Enslavement
  8422 | D:7      | Learned a level 2 spell: Sure Blade
  9007 | D:8      | Reached skill level 12 in Stealth
  9032 | D:8      | Found a staircase to the Lair.
  9033 | D:8      | Noticed Grum
  9047 | D:8      | Killed Grum
  9062 | D:8      | Acquired Kikubaaqudgha's first power
  9062 | D:8      | Received a gift from Kikubaaqudgha
  9065 | D:8      | Identified Kikubaaqudgha's Disquisition on Black Rites (Kikubaaqudgha gifted it to you on level 8 of the Dungeon)
  9160 | D:7      | Reached XP level 10. HP: 69/69 MP: 7/24
  9398 | D:8      | Noticed Joseph
  9415 | D:8      | Killed Joseph
  9630 | D:9      | Learned a level 1 spell: Pain
  9828 | D:9      | Reached skill level 1 in Necromancy
  9991 | D:9      | Acquired Kikubaaqudgha's second power
 10191 | D:9      | Reached skill level 10 in Hexes
 10270 | D:9      | Found a radiant altar of Vehumet.
 10270 | D:9      | Found an opulent altar of Gozag.
 10271 | D:9      | Found a bloodstained altar of Trog.
 10293 | D:10     | Entered Level 10 of the Dungeon
 10295 | D:10     | Noticed Nergalle
 10305 | D:10     | Noticed a hill giant
 10318 | D:10     | Killed Nergalle
 10318 | D:10     | Reached skill level 13 in Stealth
 10332 | D:10     | Killed a hill giant
 10432 | D:10     | Reached XP level 11. HP: 75/75 MP: 14/26
 11246 | D:10     | Learned a level 1 spell: Animate Skeleton
 11344 | D:11     | Noticed a hill giant
 11355 | D:11     | Killed a hill giant
 11370 | D:11     | Learned a level 3 spell: Vampiric Draining
 11375 | D:11     | Learned a level 4 spell: Animate Dead
 11395 | D:11     | Noticed a five-headed hydra
 11398 | D:11     | Killed a five-headed hydra
 11439 | D:11     | Found a staircase to the Orcish Mines.
 11480 | D:11     | Received a gift from Kikubaaqudgha
 11734 | D:11     | Reached skill level 14 in Stealth
 11860 | D:11     | Identified Kikubaaqudgha's Tome of Stolen Souls (Kikubaaqudgha gifted it to you on level 11 of the Dungeon)
 11892 | D:11     | Reached skill level 5 in Necromancy
 11968 | D:11     | Found Suvasaf's Weapon Shoppe.
 11980 | D:11     | Noticed a six-headed hydra
 11989 | D:11     | Killed a six-headed hydra
 12079 | D:11     | Noticed an unseen horror
 12108 | D:11     | Killed an unseen horror
 12588 | D:12     | Noticed an unseen horror
 12599 | D:12     | Killed an unseen horror
 12804 | D:12     | Noticed a hill giant
 12818 | D:12     | Killed a hill giant
 12974 | D:12     | Noticed a hill giant
 12982 | D:12     | Killed a hill giant
 12982 | D:12     | Reached XP level 12. HP: 81/81 MP: 13/29
 13139 | D:13     | Noticed Gastronok
 13184 | D:13     | Killed Gastronok
 13241 | D:13     | Acquired Kikubaaqudgha's third power
 13346 | D:13     | Found a gate to the Vaults.
 13346 | D:13     | Noticed a vault guard
 13346 | D:13     | Noticed a vault guard
 13346 | D:13     | Noticed a vault guard
 13346 | D:13     | Noticed a vault guard
 13441 | D:13     | Your ally Gastronok died
 13468 | D:13     | Killed a vault guard
 13468 | D:13     | Reached skill level 5 in Short Blades
 13601 | Orc:1    | Entered Level 1 of the Orcish Mines
 13843 | Orc:1    | Reached skill level 5 in Ice Magic
 13861 | Orc:1    | Reached skill level 15 in Stealth
 13945 | Orc:1    | Acquired Kikubaaqudgha's fourth power
 14297 | Orc:2    | Found a bloodstained altar of Trog.
 15024 | Orc:3    | Learned a level 2 spell: Slow
 15027 | Orc:3    | Learned a level 2 spell: Blink
 15234 | Orc:3    | Noticed an ettin
 15241 | Orc:3    | Killed an ettin
 15822 | Orc:4    | Entered Level 4 of the Orcish Mines
 15823 | Orc:4    | Identified a scroll of acquirement
 15824 | Orc:4    | Identified the Volume of Beyond (You acquired it on level 4 of the Orcish Mines)
 15951 | Orc:4    | Found a staircase to the Elven Halls.
 16024 | Orc:4    | Found a roughly hewn altar of Beogh.
 16024 | Orc:4    | Found Prustroa's Jewellery Shoppe.
 16242 | Orc:4    | Bought a +4 ring of dexterity for 459 gold pieces
 16298 | Orc:4    | Found a roughly hewn altar of Beogh.
 16317 | Orc:4    | Found Skigys' Armour Emporium.
 16461 | Orc:4    | Noticed an orc warlord
 16649 | Orc:4    | Killed an orc warlord
 16657 | Orc:4    | Reached skill level 10 in Spellcasting
 16657 | Orc:4    | Reached XP level 13. HP: 88/88 MP: 24/31
 16704 | Orc:4    | Paralysed by an orc sorcerer for 2 turns
 16986 | Orc:4    | Found a roughly hewn altar of Beogh.
 16987 | Orc:4    | Found Plyloes' Antique Armour Emporium.
 16989 | Orc:4    | Found Hesheisk's Antique Weapon Shoppe.
 17284 | Orc:4    | Found a roughly hewn altar of Beogh.
 17472 | Orc:4    | Reached skill level 16 in Stealth
 18004 | Lair:1   | Entered Level 1 of the Lair of Beasts
 18051 | Lair:1   | Learned a level 4 spell: Cause Fear
 19540 | D:3      | Received a gift from Kikubaaqudgha
 21096 | Lair:3   | Found a staircase to the Snake Pit.
 21226 | Lair:3   | Got a twisted rapier
 21233 | Lair:3   | Identified the +7 rapier "Impbane" {flame, rF+ rC- rN+ MR+ SInv} (You found it on level 3 of the Lair of Beasts)
 21778 | Lair:4   | Found a frozen archway.
 21813 | IceCv    | Entered an ice cave
 21845 | IceCv    | Reached skill level 17 in Stealth
 22321 | Lair:4   | Reached XP level 14. HP: 96/96 MP: 29/32
 22767 | Lair:5   | Reached skill level 10 in Necromancy
 22801 | Lair:5   | Reached skill level 1 in Conjurations
 22998 | Lair:5   | Found a labyrinth entrance.
 23077 | Lab      | Entered a labyrinth
 25362 | Lair:5   | Got a smoking amber ring
 25838 | Lair:6   | Identified the ring "Uneluess" {Wiz rN+} (You found it on level 5 of the Lair of Beasts)
 26052 | Lair:6   | Found a staircase to the Shoals.
 27364 | Lair:8   | Entered Level 8 of the Lair of Beasts
 27732 | Lair:7   | Reached skill level 5 in Fighting
 28084 | Lair:8   | Reached skill level 5 in Armour
 28129 | Lair:8   | Found a staircase to the Slime Pits.
 28444 | Lair:8   | Noticed Fannar
 28452 | Lair:8   | Killed Fannar
 28508 | Lair:8   | Reached skill level 18 in Stealth
 28812 | Lair:8   | Reached skill level 1 in Evocations
 29015 | Lair:8   | Identified Lee's Papyrus of Attacks
 29132 | Lair:8   | Reached XP level 15. HP: 96/103 MP: 3/34
 29198 | Lair:8   | Got a pair of ichor-stained boots
 29209 | Lair:8   | Identified the +0 pair of boots "Gifatus" {rElec rF+ Slay+6} (You found it on level 8 of the Lair of Beasts)
 29695 | D:3      | Learned a level 5 spell: Agony
 29699 | D:3      | Learned a level 3 spell: Tukima's Dance
 30017 | Elf:1    | Entered Level 1 of the Elven Halls
 30115 | Elf:1    | Found Brulommiu's General Store.
 30151 | Elf:1    | Reached skill level 10 in Dodging
 30182 | Elf:1    | Bought a scroll of enchant weapon for 127 gold pieces
 30371 | Elf:1    | Found a portal to a secret trove of treasure.
 30469 | Elf:1    | Noticed Frances
 30484 | Elf:1    | Killed Frances
 30798 | Elf:2    | Got a warped copper ring
 30800 | Elf:2    | Identified the ring of Fedgheun {+Fly rN+++} (You found it on level 2 of the Elven Halls)
 30879 | Elf:2    | Found a runed gate.
 30879 | Elf:2    | Found a runed gate.
 30879 | Elf:2    | Found a runed gate.
 30966 | Elf:2    | Noticed a deep elf blademaster
 30979 | Elf:2    | Killed a deep elf blademaster
 31527 | Elf:2    | HP: 2/103 [scimitar of holy wrath (27)]
 31527 | Elf:2    | Mangled by a scimitar of holy wrath

Action                   |  1- 3 |  4- 6 |  7- 9 | 10-12 | 13-15 || total
-------------------------+-------+-------+-------+-------+-------++-------
Melee: Dagger            |    67 |   107 |   164 |       |       ||   338
       Short sword       |       |       |   102 |   648 |  1210 ||  1960
       Unarmed           |       |       |       |     7 |       ||     7
       Rapier            |       |       |       |       |    40 ||    40
 Cast: Ensorcelled Hiber |     3 |    24 |    48 |    83 |    81 ||   239
       Corona            |     2 |     4 |     2 |     5 |     9 ||    22
       Confuse           |       |       |    35 |    77 |    45 ||   157
       Enslavement       |       |       |     3 |    18 |    16 ||    37
       Dazzling Spray    |       |       |     2 |    44 |    38 ||    84
       Pain              |       |       |       |     8 |     5 ||    13
       Animate Dead      |       |       |       |    27 |    55 ||    82
       Animate Skeleton  |       |       |       |     5 |       ||     5
       Sure Blade        |       |       |       |    14 |    31 ||    45
       Vampiric Draining |       |       |       |     1 |       ||     1
       Agony             |       |       |       |       |     9 ||     9
       Tukima's Dance    |       |       |       |       |     5 ||     5
Invok: Receive Corpses   |       |       |       |       |     2 ||     2
 Abil: Bat Form          |       |     2 |     3 |     9 |    11 ||    25
       End Transformatio |       |     2 |     3 |     9 |    10 ||    24
Evoke: Wand              |       |       |       |     2 |    26 ||    28
  Use: Potion            |       |     3 |     6 |     3 |     3 ||    15
       Scroll            |       |     2 |    10 |    10 |    33 ||    55
 Stab: Sleeping          |     8 |    19 |    50 |    74 |   119 ||   270
       Confused          |       |       |     9 |    46 |    18 ||    73
       Invisible         |       |       |       |     7 |    13 ||    20
       Distracted        |       |       |       |     6 |    28 ||    34
       Paralysed         |       |       |       |       |     1 ||     1
  Eat: Corpse            |       |     6 |    13 |    10 |    15 ||    44
